 Dungeon Crawl Stone Soup version 0.20-a0-455-gc3b7d50 (webtiles) character file.

5 M4edhros the Grave Robber (level 1, 0/11 HPs)
             Began as an Octopode Necromancer on Jan 9, 2017.
             Slain by a hippogriff (5 damage)
             ... on level 3 of the Dungeon.
             The game lasted 00:00:53 (134 turns).

M4edhros the Grave Robber (Octopode Necromancer)     Turns: 134, Time: 00:00:53

Health: 0/11       AC:  1    Str:  7    XL:     1   Next: 80%
Magic:  1/3        EV: 13    Int: 17    God:
Gold:   35         SH:  0    Dex: 12    Spells: 3/4 levels left

rFire  . . .     SeeInvis .     f - +0 rapier (curse)
rCold  . . .     Gourm    .     (no shield)
rNeg   . . .     Faith    .     (helmet restricted)
rPois  .         Spirit   .     (no amulet)
rElec  .         Reflect  .     (no ring)
rCorr  .         Harm     .     (no ring)
MR     .....                    (no ring)
Stlth  +++.......               (no ring)
                                (no ring)
                                (no ring)
                                (no ring)
                                (no ring)

@: no status effects
A: almost no armour, stealthy swim, amphibious, 8 rings, constrict 8, camouflage
1, gelatinous body 1
a: no special abilities


You were on level 3 of the Dungeon.
You were not hungry.

You visited 1 branch of the dungeon, and saw 3 of its levels.

You collected 35 gold pieces.

Inventory:

Hand Weapons
 f - a cursed +0 rapier (weapon)
Scrolls
 c - a scroll of remove curse {unknown}
 e - a scroll of identify {unknown}
Books
 a - a book of Necromancy

   Spells                             Type                      Level
   a - Pain                           Necromancy                   1
   b - Animate Skeleton               Necromancy                   1
   c - Vampiric Draining              Necromancy                   3
   d - Regeneration                   Charms/Necromancy            3
   e - Animate Dead                   Necromancy                   4
   f - Control Undead                 Necromancy                   4
Comestibles
 b - 2 bread rations
 d - a meat ration


   Skills:
 - Level 2.0 Dodging
 - Level 2.6 Stealth
 + Level 1.3 Unarmed Combat
 - Level 2.0 Spellcasting
 - Level 4.0 Necromancy


You had 3 spell levels left.
You knew the following spells:

 Your Spells              Type           Power        Failure   Level  Hunger
a - Pain                  Necr           ###.         3%          1    #......


Dungeon Overview and Level Annotations

Branches:
Dungeon (3/15)

Altars:


Innate Abilities, Weirdness & Mutations

You cannot wear most types of armour.
You are very stealthy in the water. (Stealth+)
You are amphibious.
You can wear up to eight rings at the same time.
You can use your tentacles to constrict eight enemies at once.
Your skin changes colour to match your surroundings (Stealth+).
Your rubbery body absorbs attacks. (AC +1, EV +1)


Message History

Casting: Pain
Confirm with . or Enter, or press ? or * to list all spells.
Aiming: Pain
Press: ? - help, Shift-Dir - straight line, f/p - kobold
Aim: a kobold, wielding a club (moderately wounded, chance to defeat MR: 85%)
The kobold writhes in agony!
You kill the kobold!
You see here a club.
You swing at nothing.
You miss the goblin.
The leopard gecko hisses angrily.
The hippogriff screeches!
You grab the goblin. You constrict the goblin. The goblin closely misses you.
The goblin barely misses you.
You puncture the goblin!
You kill the goblin!
The leopard gecko hisses menacingly.
You see here a dagger.
A worm comes into view.
The leopard gecko bites you. The hippogriff bites you.
You die...

## #.### ..#.#
#.#.# #.#.##
#.#))####
#.@.....#
#.Hl....#
.........(#
##........########
#...............#
##?......######.#
........... #<#
##.##.#w......H.#
#. #...###.#..l#


You could see a hippogriff, a worm (wandering) and a leopard gecko.

Vanquished Creatures
  A goblin (D:3)
  2 kobolds
  A bat (D:1)
  2 rats
6 creatures vanquished.

Notes
Turn   | Place    | Note
-------+----------+-------------------------------------------
     0 | D:1      | M4edhros the Octopode Necromancer began the quest for the Orb.
     0 | D:1      | Reached XP level 1. HP: 11/11 MP: 3/3
    89 | D:2      | Reached skill level 1 in Unarmed Combat
   110 | D:3      | Noticed a hippogriff
   118 | D:3      | lvl3 hipogrif at stairs lol
   134 | D:3      | Slain by a hippogriff

Vault maps used:
D:1:      co_arrival_hall_of_pillars
D:2:      zin_statuary, first_bread, hangedman_decor_push,
          lexackson_kobold_supper
D:3:      minmay_crystal_room, elyvilon_altar_1

Skill      XL: |  1 |
---------------+----+-----
Unarmed Combat | 1 |  1.3
Dodging        | |  2.0
Stealth        | |  2.6
Spellcasting   | |  2.0
Necromancy     | |  4.0

Action                   || total
-------------------------++-------
Melee: Rapier            ||     2
       Constrict         ||     1
 Cast: Pain              ||     8
Dodge: Dodged            ||     3
